 Dungeon Crawl Stone Soup version 0.19.0-18-g426998a (webtiles) character file.

859 tairseth the Distorting Demonspawn (level 7, 0/57 HPs)
             Began as a Demonspawn Abyssal Knight on Nov 12, 2016.
             Was a Believer of Lugonu.
             Slain by a sky beast (6 damage)
             ... on level 6 of the Dungeon.
             The game lasted 00:13:22 (5595 turns).

tairseth the Distorting Demonspawn (DsAK)           Turns: 5595, Time: 00:13:23

Health: 0/57       AC:  6    Str:  9    XL:     7   Next: 71%
Magic:  19/19      EV: 14    Int: 13    God:    Lugonu [**....]
Gold:   299        SH:  0    Dex: 15    Spells: 2 memorised, 3 levels left

rFire  . . .     SeeInvis .     k - +6 mace of the Realm of Zot {venom, +Fly MR+ Str-3}
rCold  . . .     Gourm    .     b - +0 leather armour
rNeg   . . .     Faith    .     (no shield)
rPois  .         Spirit   .     (helmet restricted)
rElec  .         Reflect  .     (no cloak)
rCorr  .         Harm     .     n - +0 pair of gloves
MR     +....                    (no boots)
Stlth  +.........               (no amulet)
                                h - ring of magical power
                                (no ring)

@: no status effects
A: antennae 1, rugged brown scales 2, demonic guardian 1, powered by death 2
a: Depart the Abyss, Bend Space, Renounce Religion, Evoke Flight


You were on level 6 of the Dungeon.
You worshipped Lugonu.
Lugonu was pleased with you.
You were not hungry.

You visited 2 branches of the dungeon, and saw 7 of its levels.
You visited the Abyss 1 time.

You collected 299 gold pieces.

Inventory:

Hand Weapons
 a - a +2 falchion
 k - the +6 mace of the Realm of Zot (weapon) {venom, +Fly MR+ Str-3}
   (You found it on level 4 of the Dungeon)

   It poisons the flesh of those it strikes.
   It affects your strength (-3).
   It affects your resistance to hostile enchantments.
   It lets you fly.
 u - the +5 spear "Wepsunimm" {pierce, Int+2}
   (You found it on level 4 of the Dungeon)

   It inflicts extra damage upon your enemies.
   It affects your intelligence (+2).
Armour
 b - a +0 leather armour (worn)
 n - a +0 pair of gloves (worn)
Jewellery
 h - a ring of magical power (right hand)
 l - an uncursed ring of fire
Wands
 v - a wand of digging (15/24)
Scrolls
 e - 2 scrolls of recharging
 g - 3 scrolls of enchant weapon
 m - 4 scrolls of teleportation
 o - 3 scrolls of identify
 p - a scroll of amnesia
 s - a scroll of magic mapping {unknown}
Potions
 q - 4 potions of curing
Books
 f - a book of Debilitation

   Spells                             Type                      Level
   a - Corona                         Hexes                        1
   b - Slow                           Hexes                        2
   c - Gell's Gravitas                Hexes/Translocation          3
   d - Inner Flame                    Hexes/Fire                   3
   e - Cause Fear                     Hexes                        4
   f - Leda's Liquefaction            Hexes/Earth                  4
Comestibles
 c - 8 bread rations
 d - 5 meat rations
 i - 4 chunks of flesh
 j - 11 fruits
 r - 2 slices of pizza
 t - 3 beef jerkies


   Skills:
 + Level 4.8 Fighting
 + Level 3.6 Long Blades
 + Level 3.4 Armour
 * Level 4.6 Dodging
 + Level 0.0 Spellcasting
 + Level 0.0 Hexes
 + Level 5.0 Invocations


You had 3 spell levels left.
You knew the following spells:

 Your Spells              Type           Power        Failure   Level  Hunger
a - Corona                Hex            #......      41%         1    ##.....
b - Slow                  Hex            #.......     67%         2    ###....


Dungeon Overview and Level Annotations

Branches:
Dungeon (6/15)             Temple (1/1) D:5

Altars:
Ashenzari
Cheibriados
Dithmenos
Elyvilon
Fedhas
Gozag
Hepliaklqana
Kikubaaqudgha
Makhleb
Okawaru
Qazlal
Ru
Sif Muna
Trog
Uskayaw
Vehumet
Xom
Yredelemnul
Zin
The Shining One


Innate Abilities, Weirdness & Mutations

You have a pair of small antennae on your head.
You are mostly covered in rugged brown scales. (AC +2, +5% HP)
A weak demonic guardian rushes to your aid.
You regenerate health from kills.


Message History

You miss something. Something hits you. Something shocks you.
You thump something! Something barely misses you.
Something hits you but does no damage.
You closely miss something.
Your quasit disappears in a puff of smoke!
Something hits you but does no damage.
You hit something.
Something hits you but does no damage. x2
You closely miss something. Something barely misses you.
You closely miss something. Something hits you. Something shocks you.
You miss something. Something hits you but does no damage. Something hits you.
Something shocks you.
* * * LOW HITPOINT WARNING * * *
You hit something. Something hits you.
* * * LOW HITPOINT WARNING * * *
Something shocks you.
* * * LOW HITPOINT WARNING * * *
You miss something. Something hits you.
* * * LOW HITPOINT WARNING * * *
Something shocks you.
You die...

#.#
#.#
#.#
#.#
#.#
#.#
#.#
#.#
#@#
#{#
#.#
?.#
#.#
###


There were no monsters in sight!

Vanquished Creatures
  The ghost of taraiph the Changer, an amateur DrTm (D:5)
  3 ogres
  A scorpion (D:5)
  A howler monkey (D:4)
  A crimson imp (D:6)
  A bullfrog skeleton (D:6)
  A hound (D:5)
  An orc wizard (D:6)
  A howler monkey zombie (D:5)
  4 adders
  2 oozes
  An adder skeleton (D:4)
  An adder zombie (D:5)
  A worm (D:3)
  2 dart slugs
  8 leopard geckos
  4 orcs
  8 bats
  8 giant cockroaches
  7 goblins
  8 hobgoblins
  13 jackals
  4 quokkas
  3 ball pythons
  6 frilled lizards
  7 kobolds
  4 rats
102 creatures vanquished.

Vanquished Creatures (collateral kills)
  An ogre (D:4)
  A hound (D:5)
  An orc priest (D:6)
  An orc (D:5)
  A jackal (D:5)
5 creatures vanquished.

Grand Total: 107 creatures vanquished

Notes
Turn   | Place    | Note
-------+----------+-------------------------------------------
     0 | Abyss:1  | tairseth the Demonspawn Abyssal Knight began the quest for the Orb.
     0 | Abyss:1  | Reached XP level 1. HP: 18/18 MP: 2/2
    52 | Abyss:1  | Noticed a spatial maelstrom
   356 | Abyss:1  | Noticed an ancient zyme
   358 | D:1      | Escaped the Abyss
   411 | D:1      | Noticed a death yak
   430 | D:1      | Reached skill level 1 in Dodging
   701 | D:1      | Gained mutation: You are partially covered in rugged brown scales. (AC +1, +3% HP) [demonic ancestry]
   701 | D:1      | Reached XP level 2. HP: 16/24 MP: 3/3
   708 | D:1      | Reached * piety under Lugonu
   956 | D:1      | Gained mutation: A weak demonic guardian rushes to your aid. [demonic ancestry]
   956 | D:1      | Reached XP level 3. HP: 5/29 MP: 3/5
  1351 | D:1      | Noticed an anaconda
  1514 | D:2      | Reached skill level 3 in Invocations
  2048 | D:2      | Found a glowing silver altar of Zin.
  2049 | D:2      | Found a blossoming altar of Fedhas.
  2050 | D:2      | Found a snail-covered altar of Cheibriados.
  2050 | D:2      | Found a deep blue altar of Sif Muna.
  2208 | D:2      | Gained mutation: You have a pair of small antennae on your head. [demonic ancestry]
  2208 | D:2      | Reached XP level 4. HP: 33/36 MP: 6/6
  2407 | D:3      | Reached ** piety under Lugonu
  3238 | D:4      | Found an iron altar of Okawaru.
  3404 | D:4      | Got a polished mace
  3405 | D:4      | Identified the +6 mace of the Realm of Zot {venom, +Fly MR+ Str-3} (You found it on level 4 of the Dungeon)
  3587 | D:4      | Got a crude spear
  3588 | D:4      | Identified the +5 spear "Wepsunimm" {pierce, Int+2} (You found it on level 4 of the Dungeon)
  3649 | D:4      | Noticed an ogre
  3656 | D:4      | Killed an ogre
  3656 | D:4      | Gained mutation: You regenerate a little health from kills. [demonic ancestry]
  3656 | D:4      | Reached XP level 5. HP: 7/43 MP: 7/7
  3927 | D:4      | Noticed an ogre
  3937 | D:4      | Killed an ogre
  3937 | D:4      | Gained mutation: You regenerate health from kills. [demonic ancestry]
  3937 | D:4      | Reached XP level 6. HP: 12/49 MP: 8/8
  4363 | D:5      | Entered Level 5 of the Dungeon
  4387 | D:5      | Reached skill level 4 in Invocations
  4445 | D:5      | Noticed taraiph's ghost (amateur DrTm)
  4474 | D:5      | Killed taraiph's ghost
  4474 | D:5      | Gained mutation: You are mostly covered in rugged brown scales. (AC +2, +5% HP) [demonic ancestry]
  4474 | D:5      | Reached XP level 7. HP: 31/57 MP: 10/10
  4541 | D:5      | Found a staircase to the Ecumenical Temple.
  4545 | Temple   | Entered the Ecumenical Temple
  5201 | D:6      | Learned a level 1 spell: Corona
  5427 | D:6      | Reached skill level 5 in Invocations
  5539 | D:6      | Learned a level 2 spell: Slow
  5595 | D:6      | Slain by a sky beast

Skill      XL: |  1  2  3  4  5  6  7 |
---------------+----------------------+-----
Dodging        | 1 2 3 4 |  4.6
Long Blades    | 2 3 |  3.6
Armour         | 2 3 |  3.4
Invocations    | 3 4 5 |  5.0
Fighting       | 4 |  4.8

Action                   |  1- 3 |  4- 6 |  7- 9 || total
-------------------------+-------+-------+-------++-------
Melee: Falchion          |   114 |    62 |       ||   176
       Mace              |       |    55 |    57 ||   112
Invok: Depart the Abyss  |     1 |       |       ||     1
  Use: Scroll            |     6 |     1 |     1 ||     8
       Potion            |     2 |    12 |       ||    14
 Stab: Sleeping          |     2 |       |       ||     2
  Eat: Chunk             |     4 |     6 |     5 ||    15
Armor: Leather armour    |    28 |    25 |    18 ||    71
       Skin              |       |     7 |     2 ||     9
Dodge: Dodged            |    96 |    82 |    46 ||   224
       Rpst.: Falchion   |    38 |     8 |       ||    46
